 Dungeon Crawl Stone Soup version 0.24-a0-181-gd121a6d (webtiles) character file.

Game seed: 13233711430433766884

112 Ijustatesigmund the Sneak (level 4, -4/43 HPs)
             Began as an Octopode Wizard on Mar 14, 2019.
             Slain by a gnoll (5 damage)
             ... on level 2 of the Dungeon.
             The game lasted 00:06:36 (2749 turns).

Ijustatesigmund the Sneak (Octopode Wizard)         Turns: 2749, Time: 00:06:36

Health: -4/43      AC: 22    Str:  6      XL:     4   Next: 95%
Magic:  2/8        EV:  2    Int: 19 (20) God:
Gold:   69         SH:  0    Dex:  9 (11) Spells: 3/9 levels left

rFire    . . .     SeeInvis .   d - +1 spear
rCold    . . .     Gourm    .   (no shield)
rNeg     + + +     Faith    .   (helmet currently unavailable)
rPois    +         Spirit   .   (no amulet)
rElec    .         Reflect  .   f - ring of teleportation (curse)
rCorr    .         Harm     .   (no ring)
MR       .....     NoTele   +   (no ring)
Stlth    ++........             (no ring)
HPRegen  0.14/turn              (no ring)
MPRegen  0.11/turn              (no ring)
                                (no ring)
                                (no ring)

@: tree-form, very slightly contaminated, hasted, very quick
A: almost no armour, stealthy swim, (amphibious), 8 rings, (constrict 8),
screaming 1
a: no special abilities


You were on level 2 of the Dungeon.
You were not hungry.
You were a tree.
You visited 1 branch of the dungeon, and saw 3 of its levels.

You collected 69 gold pieces.

Inventory:

Hand Weapons
 d - a +1 spear (weapon)
 l - a +0 dagger of holy wrath
Armour
 a - a +1 hat (melded)
 e - a +0 shield
Jewellery
 f - a cursed ring of teleportation (left branch)
Comestibles
 c - 4 rations


   Skills:
 - Level 2.0 Fighting
 - Level 2.0 Dodging
 - Level 3.5 Stealth
 - Level 3.0 Spellcasting
 + Level 3.0 Conjurations
   Level 1.0 Summonings
 + Level 1.9 Translocations


You had 3 spell levels left.
You knew the following spells:

 Your Spells              Type           Power        Failure   Level  Hunger
a - Magic Dart            Conj           ##..         4%          1    None
b - Blink                 Tloc           N/A          11%         2    ##.....
c - Conjure Flame         Conj/Fire      #.......     24%         3    ###....

Your spell library contained the following spells:

 Spells                   Type           Power        Failure   Level  Hunger
 Call Imp                 Summ           #.......     16%         2    ##.....
 Slow                     Hex            #.......     22%         2    ##.....
 Mephitic Cloud           Conj/Pois/Air  #.......     30%         3    ###....


Dungeon Overview and Level Annotations

Branches:
Dungeon (3/15)

Altars:
Cheibriados

Annotations:
D:2 Sigmund


Innate Abilities, Weirdness & Mutations

You cannot wear most types of armour.
You are very stealthy in the water. (Stealth+)
((You are amphibious.))
You can wear up to eight rings at the same time.
((You can use your tentacles to constrict eight enemies at once.))
((Your skin changes colour to match your surroundings (Stealth+).))
((Your rubbery body absorbs attacks. (AC +1, EV +1)))
((You are partially covered in iridescent scales. (AC +2)))
You occasionally shout uncontrollably at your foes.


Message History

The gnoll hits you but does no damage.
You hit the gnoll.
The gnoll is lightly wounded.
The gnoll hits you but does no damage.
The gnoll hits you from afar with a +0 spear.
* * * LOW HITPOINT WARNING * * *
You hit the gnoll but do no damage.
The gnoll is lightly wounded.
You barely miss the gnoll.
The gnoll is lightly wounded.
The gnoll hits you but does no damage.
The gnoll hits you from afar with a +0 spear.
* * * LOW HITPOINT WARNING * * *
You hit the gnoll.
The gnoll is moderately wounded.
The gnoll hits you but does no damage. x2
You hit the gnoll.
The gnoll is heavily wounded.
The gnoll hits you.
You die...

#..##.#.†...####### ..
#..##.##+####
....###...#.##.##########
.........................
##.###.#.#.##.######.###
####.###.#.#.##.# #.###
#........#.#.##.# #.... g
#.##...g.....##.# #.... ...
#.#######♣#.###[# #....
.....###.#######g#..##.######....
.................................
########.........##..#.######.###
#.........###.#.######....
#.........# #.#...........
#....)....# #.#..#####.##.
##........# #....# #.##.
#........# ##...# #.##.


You could see 2 gnolls.

Vanquished Creatures
  Jessica (D:2)
  A gnoll (D:2)
  3 adders (D:2)
  3 worms (D:2)
  2 dart slugs
  A ball python (D:2)
  7 bats
  2 giant cockroaches (D:1)
  5 goblins
  5 hobgoblins
  4 kobolds
  A quokka (D:2)
  3 rats
38 creatures vanquished.

Notes
Turn   | Place    | Note
-------+----------+-------------------------------------------
     0 | D:1      | Ijustatesigmund the Octopode Wizard began the quest for the
                  | Orb.
     0 | D:1      | Reached XP level 1. HP: 11/11 MP: 4/4
   355 | D:1      | Reached skill level 1 in Fighting
   355 | D:1      | Reached XP level 2. HP: 18/18 MP: 0/6
   658 | D:1      | Learned a level 2 spell: Blink
  1435 | D:2      | Noticed Jessica
  1443 | D:2      | Killed Jessica
  1443 | D:2      | Reached XP level 3. HP: 23/24 MP: 0/7
  1656 | D:2      | Reached XP level 4. HP: 29/29 MP: 4/8
  1665 | D:2      | Learned a level 3 spell: Conjure Flame
  2304 | D:2      | Noticed Sigmund
  2428 | D:3      | Found a snail-covered altar of Cheibriados.
  2734 | D:2      | Gained mutation: You are dopey. (Int -2) [potion of
                  | mutation]
  2734 | D:2      | Lost mutation: You are dopey. (Int -2) [potion of mutation]
  2734 | D:2      | Gained mutation: You occasionally shout uncontrollably at
                  | your foes. [potion of mutation]
  2734 | D:2      | Gained mutation: You are partially covered in iridescent
                  | scales. (AC +2) [potion of mutation]
  2745 | D:2      | HP: 2/43 [gnoll/+0 spear (4)]
  2749 | D:2      | Slain by a gnoll

Levels and vault maps discovered:
D:1:      ebering_hopf_link, layout_rooms
D:2:      layout_basic, uniq_jessica, uniq_sigmund
D:3:      layout_loops_ring, first_ration, chequers_ecumenical_altar_island,
          serial_glass, glass_columns_a, glass_columns_a, feat_on_display,
          grunt_ministairs_8, hangedman_decor_peaks_small,
          kennysheep_slug_shrine

Skill      XL: |  1  2  3  4 |
---------------+-------------+-----
Fighting       | 1 2 |  2.0
Conjurations   | 2 3 |  3.0
Stealth        | 3 |  3.5
Dodging        | |  2.0
Spellcasting   | |  3.0
Summonings     | |  1.0
Translocations | |  1.9

Action                   |  1- 3 |  4- 6 || total
-------------------------+-------+-------++-------
Melee: Unarmed           |     1 |       ||     1
       Spear             |    13 |    22 ||    35
       Constrict         |     5 |     2 ||     7
       Club              |     5 |       ||     5
       Tentacles         |     1 |       ||     1
 Cast: Magic Dart        |    49 |    67 ||   116
       Blink             |       |     1 ||     1
  Use: Scroll            |     5 |       ||     5
       Potion            |     3 |     3 ||     6
  Eat: Chunk             |     1 |     2 ||     3
       Ration            |       |     1 ||     1
Armor: Skin              |     7 |    18 ||    25
Dodge: Dodged            |    21 |    16 ||    37

Table legend:
 A = Non-vault XP
 B = Vault XP
 C = Vault XP percentage of total XP
 D = Non-vault monster count
 E = Vault monster count
 F = Vault count percentage of total count
                 A         B        C        D         E       F
            +---------+---------+-------+---------+---------+-------
      Total |     124 |      37 |  23.0 |      37 |       1 |   2.6
            +---------+---------+-------+---------+---------+-------
        D:1 |      30 |       0 |   0.0 |      16 |       0 |   0.0
        D:2 |      94 |      37 |  28.2 |      21 |       1 |   4.5
            +---------+---------+-------+---------+---------+-------
